 Dungeon Crawl Stone Soup version 0.17-a0-1534-gf98da79 (webtiles) character file.

23 Duffy the Conjurer (level 2, -7/19 HPs)
             Began as a Mummy Conjurer on July 17, 2015.
             Shot with an arrow by a centaur (8 damage)
             ... on level 1 of the Dungeon.
             The game lasted 00:01:30 (1458 turns).

Duffy the Conjurer (Mummy Conjurer)                 Turns: 1458, Time: 00:01:30

Health: -7/19      AC:  2    Str: 11    XL:     2   Next: 75%
Magic:  4/5        EV: 12    Int: 14    God:
Gold:   38         SH:  0    Dex: 12    Spells: 2 memorised, 3 levels left

rFire  x . .     SeeInvis .     d - 47 stones
rCold  + . .     Clarity  .     a - +0 robe
rNeg   + + +     SustAt   .     (no shield)
rPois  ∞         Gourm    .     (no helmet)
rElec  .         Spirit   .     (no cloak)
rCorr  .         Warding  .     (no gloves)
rMut   .         Stasis   .     (no boots)
MR     .....                    (no amulet)
Stlth  ++........               (no ring)
                                (no ring)

@: not resistant to hostile enchantments, unstealthy
A: no food or potions, fire vulnerability, cold resistance 1, negative energy
resistance 3, torment resistance, unbreathing
a: no special abilities


You were on level 1 of the Dungeon.
You were not hungry.

You visited 1 branch of the dungeon, and saw 1 of its levels.

You collected 38 gold pieces.


Innate Abilities, Weirdness & Mutations

You do not eat or drink.
Your flesh is vulnerable to fire.
You are immune to poison.
Your flesh is cold resistant.
You are immune to negative energy.
You are immune to unholy pain and torment.
You can survive without breathing.


   Skills:
 - Level 1.5 Dodging
 - Level 1.5 Stealth
 + Level 2.6 Spellcasting
 + Level 3.6 Conjurations


You had 3 spell levels left.
You knew the following spells:

 Your Spells              Type           Power        Failure   Level  Hunger
a - Magic Dart            Conj           ##..         6%          1    N/A
s - Searing Ray           Conj           ##....       10%         2    N/A

Inventory:

Missiles
 d - 47 stones (in hand)
Armour
 a - a +0 robe (worn)
Scrolls
 c - 2 scrolls of identify {unknown}
Books
 b - a book of Conjurations

Dungeon Overview and Level Annotations

Branches:
Dungeon (1/15)

Altars:


Message History

Press: ? - help, Shift-Dir - straight line, f - giant newt
Aim: a giant newt (hasn't noticed you)
The magic dart hits the giant newt.
You kill the giant newt!
Casting: Magic Dart
Confirm with . or Enter, or press ? or * to list all spells.
Aiming: Magic Dart
Press: ? - help, Shift-Dir - straight line, f - rat
Aim: a rat (hasn't noticed you)
The magic dart hits the rat.
You kill the rat!
Casting: Magic Dart
Confirm with . or Enter, or press ? or * to list all spells.
You can't see any susceptible monsters within range! (Use Z to cast anyway.)
Things that are here:
a rat corpse; a giant newt corpse
There is a fountain of clear blue water here.
As you open the door, it creaks loudly!
There is an open door here.
There is an open door here.
A centaur comes into view.
The centaur wields a shortbow.
The centaur shoots an arrow.
The arrow hits you!
Ouch! That really hurt!
The centaur shoots an arrow.
The arrow hits you!
You see here 2 arrows.
You start resting.
The centaur shoots an arrow.
The arrow barely misses you.
Casting: Magic Dart
Confirm with . or Enter, or press ? or * to list all spells.
Aiming: Magic Dart
Press: ? - help, Shift-Dir - straight line, f - centaur
Aim: a centaur, wielding a shortbow The magic dart hits the centaur.
The centaur shoots an arrow.
The arrow hits you!
You die...

.# #...............# .#
#.........#####.######### .##
##.#####..# #...........#
..#####+# #..# #...........#
)........ #..# #...c.......#
......... #..###...........#
#........ #..c.............#
########### ###(##...........#
..........# #...@#...........####
..........###....###.............
.................(.............##
..........###....###....⌠....'###
..........# ####.###........##)##
..........# #..##......###..##
..........# ##.##......#...###
...######## #..#.....##.#####
...# ##.#....'##.####.


You could see a centaur.

Action                   || total
-------------------------++-------
 Cast: Magic Dart        ||    44

Notes
Turn   | Place    | Note
--------------------------------------------------------------
     0 | D:1      | Duffy the Mummy Conjurer began the quest for the Orb.
     0 | D:1      | Reached XP level 1. HP: 13/13 MP: 3/3
   553 | D:1      | Reached XP level 2. HP: 19/19 MP: 1/5
   560 | D:1      | Learned a level 2 spell: Searing Ray
  1452 | D:1      | Noticed a centaur
  1458 | D:1      | Shot with an arrow by a centaur

Vault maps used:
D:1:      nicolae_arrival_somewhat_less_tricky_arrival

Vanquished Creatures
  5 bats
  3 goblins
  5 hobgoblins
  4 kobolds
  A giant newt
  3 rats
21 creatures vanquished.
